 Dungeon Crawl Stone Soup version 0.24.0-123-gd5b16e6ec5 (webtiles) character file.

Game seed: 1588012916830392588, levelgen mode: deterministic

46 FishyPogo the Cutter (level 3, -2/28 HPs)
             Began as a Demonspawn Gladiator on Jan 29, 2020.
             Slain by Sigmund
             ... wielding a +0 scythe
              (6 damage)
             ... on level 2 of the Dungeon.
             The game lasted 00:02:09 (1439 turns).

FishyPogo the Cutter (Demonspawn Gladiator)         Turns: 1439, Time: 00:02:10

Health: -2/28      AC:  5    Str: 15    XL:     3   Next: 44%
Magic:  3/3        EV: 13    Int:  9    God:
Gold:   31         SH:  0    Dex: 14    Spells: 2/2 levels left

rFire    . . .     SeeInvis .   a - +0 rapier
rCold    . . .     Gourm    .   (no shield)
rNeg     . . .     Faith    .   b - +0 leather armour
rPois    .         Spirit   .   (helmet restricted)
rElec    .         Reflect  .   (no cloak)
rCorr    .         Harm     .   (no gloves)
MR       .....                  (no boots)
Stlth    +.........             (no amulet)
HPRegen  0.09/turn              (no ring)
MPRegen  0.08/turn              (no ring)

@: lethally poisoned (-2 -> -4)
A: horns 1, iridescent scales 1
a: no special abilities


You were on level 2 of the Dungeon.
You were not hungry.

You visited 1 branch of the dungeon, and saw 2 of its levels.

You collected 31 gold pieces.

Inventory:

Hand Weapons
 a - a +0 rapier (weapon)
Missiles
 d - 3 throwing nets (quivered)
 e - 42 stones
 l - 8 boomerangs
Armour
 b - a +0 leather armour (worn)
Scrolls
 c - a scroll of random uselessness {unknown}
 h - a scroll of teleportation {unknown}
 k - a scroll of remove curse {unknown}
 o - a scroll of magic mapping {unknown}
Potions
 g - a potion of agility {unknown}
 i - 2 potions of curing {unknown}
 j - a potion of cancellation {unknown}
 n - a potion of might {unknown}
Comestibles
 f - 3 rations
 m - 3 chunks of flesh


   Skills:
 + Level 2.4 Fighting
 + Level 3.0 Short Blades
 - Level 2.0 Throwing
 * Level 1.5 Armour
 + Level 2.9 Dodging


You had 2 spell levels left.
You didn't know any spells.
Your spell library was empty.

Dungeon Overview and Level Annotations

Branches:
Dungeon (2/15)

Altars:
Zin

Annotations:
D:2 Sigmund


Innate Abilities, Weirdness & Mutations

You have a pair of small horns on your head.
You are partially covered in iridescent scales. (AC +2)


Message History

You start resting.
You feel sick.
Sigmund is too close now for your liking.
You feel sick.
Sigmund shouts!
Some of the chunks of flesh in your inventory have rotted away.
Unknown command.
You feel sick. Sigmund misses you.
You closely miss Sigmund. Your headbutt misses Sigmund.
You feel sick.
You hit Sigmund. You headbutt Sigmund.
Sigmund is moderately wounded.
Sigmund closely misses you.
You closely miss Sigmund. You headbutt Sigmund, but do no damage.
Sigmund is moderately wounded.
Sigmund hits you with a +0 scythe!
* * * LOW HITPOINT WARNING * * *
You closely miss Sigmund. You headbutt Sigmund.
Sigmund is moderately wounded.
Sigmund hits you with a +0 scythe.
You die...

#.# #.####
#.# #....#
#.# #....# #
#.# #....#
#. #.#
#....# #..
#.# ##..##
#... #.#
##.# .....##
#.# #.##
#...@.####@#
#..#
#..8...@.#
##.#
##....####
#.. #..8.#
#.. #_'.....
#..
#.#..8...
#..
###.......
#..
..8.#...#
###..
.....S...#
#....


You could see Sigmund.

Vanquished Creatures
  An adder (D:2)
  2 leopard geckos (D:1)
  An orc (D:2)
  2 ball pythons
  3 giant cockroaches
  6 goblins
  3 hobgoblins
  5 bats
  2 frilled lizards
  3 kobolds (D:1)
  4 rats
32 creatures vanquished.

Notes
Turn   | Place    | Note
-------+----------+-------------------------------------------
     0 | D:1      | FishyPogo the Demonspawn Gladiator began the quest for the
                  | Orb.
     0 | D:1      | Reached XP level 1. HP: 16/16 MP: 1/1
   262 | D:1      | Gained mutation: You are partially covered in iridescent
                  | scales. (AC +2) [demonic ancestry]
   262 | D:1      | Reached XP level 2. HP: 14/22 MP: 2/2
   327 | D:1      | Reached skill level 1 in Armour
   793 | D:2      | Noticed Sigmund
  1175 | D:2      | Gained mutation: You have a pair of small horns on your
                  | head. [demonic ancestry]
  1175 | D:2      | Reached XP level 3. HP: 27/27 MP: 3/3
  1211 | D:2      | Reached skill level 3 in Short Blades
  1412 | D:2      | Found a glowing silver altar of Zin.
  1439 | D:2      | Slain by Sigmund

Levels and vault maps discovered:
D:1:      ncdulo_watergridlock, layout_loops_ring, kennysheep_boxes
D:2:      layout_basic, zin_statuary, minmay_statues_item, uniq_sigmund

Skill      XL: |  1  2  3 |
---------------+----------+-----
Armour         | 1 |  1.5
Throwing       | 2 |  2.0
Short Blades   | 3 |  3.0
Fighting       | |  2.4
Dodging        | |  2.9

Action                   || total
-------------------------++-------
Melee: Rapier            ||    97
       Headbutt          ||     8
  Eat: Chunk             ||     2
Armor: Leather armour    ||    42
Dodge: Dodged            ||    93
